TOP OF THE 1ST |
Stockton Ports batting - Pitching for Fort Myers Miracle : RHP Ruben Requena
|
Pitching: RHP Ruben Requena
|
|
Batting: RHB Matt Sherard
|
0-0: Called Strike 0-1: Swinging Strike 0-2: Strikes out swinging
|
Batting: LHB Tomas Segarra
|
0-0: Foul Ball, location: 2F 0-1: Swinging Strike 0-2: Foul Ball, location: 2F 0-2: Foul Ball, location: 2F 0-2: Foul Ball, location: 2F 0-2: Ball 1-2: Ball 2-2: Strikes out swinging, 2-3 out at first.
|
Batting: RHB Scott Wiggs
|
0-0: Ground out 1-3 (Groundball, 13, EV 61.2 MPH)
|
Top of the 1st over - 0 runs, 0 hits, 0 errors, 0 left on base; Stockton 0 - Fort Myers 0 |
BOTTOM OF THE 1ST |
Fort Myers Miracle batting - Pitching for Stockton Ports : RHP Dan Rohrbach
|
Pitching: RHP Dan Rohrbach
|
|
Batting: SHB Matt Urbani
|
0-0: Called Strike 0-1: Swinging Strike 0-2: Strikes out swinging
|
Batting: LHB Chris Munguia
|
0-0: Called Strike 0-1: Foul Ball, location: 2F 0-2: Ball 1-2: Ground out U3 (Groundball, 3, EV 86.2 MPH)
|
Batting: RHB Michael McDonald
|
0-0: Ball 1-0: Swinging Strike 1-1: Ball 2-1: Ball 3-1: Foul Ball, location: 2F 3-2: Base on Balls
|
Batting: RHB Ryan Gautney
|
0-0: Ball 1-0: Foul Ball, location: 2F 1-1: Foul Ball, location: 2F 1-2: Ball 2-2: Strikes out swinging
|
Bottom of the 1st over - 0 runs, 0 hits, 0 errors, 1 left on base; Stockton 0 - Fort Myers 0 |
TOP OF THE 2ND |
Stockton Ports batting - Pitching for Fort Myers Miracle : RHP Ruben Requena
|
Batting: LHB Alejandro Muniz
|
0-0: Called Strike 0-1: Called Strike 0-2: Strikes out swinging
|
Batting: LHB Ed Talamantes
|
0-0: Ball 1-0: Called Strike 1-1: Ball 2-1: Ball 3-1: Called Strike 3-2: Foul Ball, location: 2F 3-2: Strikes out swinging
|
Batting: RHB Tetsuya Shinoda
|
0-0: Called Strike 0-1: Foul Ball, location: 2F 0-2: Strikes out swinging
|
Top of the 2nd over - 0 runs, 0 hits, 0 errors, 0 left on base; Stockton 0 - Fort Myers 0 |
BOTTOM OF THE 2ND |
Fort Myers Miracle batting - Pitching for Stockton Ports : RHP Dan Rohrbach
|
Batting: RHB Kevin Harris
|
0-0: Ball 1-0: Called Strike 1-1: Fly out, F8 (Flyball, 78S, EV 95.6 MPH)
|
Batting: LHB Tomas Espino
|
0-0: Ball 1-0: Ball 2-0: Ball 3-0: Base on Balls
|
Batting: RHB Leo Gonzalez
|
0-0: Called Strike 0-1: Foul Ball, location: 2F 0-2: Ball 1-2: Foul Ball, location: 2F 1-2: Ball 2-2: Ball 3-2: Foul Ball, location: 2F 3-2: Ground out 5-3 (Groundball, 56S, EV 67.5 MPH) Tomas Espino to second
|
Batting: RHB Tony Crespo
|
0-0: Foul Ball, location: 2F 0-1: Ground out 5-3 (Groundball, 5, EV 102.5 MPH)
|
Bottom of the 2nd over - 0 runs, 0 hits, 0 errors, 1 left on base; Stockton 0 - Fort Myers 0 |
TOP OF THE 3RD |
Stockton Ports batting - Pitching for Fort Myers Miracle : RHP Ruben Requena
|
Batting: LHB Felipe Gomez
|
0-0: Called Strike 0-1: Swinging Strike 0-2: Strikes out looking
|
Batting: RHB Manny Moron
|
0-0: Called Strike 0-1: Ball 1-1: Foul Ball, location: 2F 1-2: Ball 2-2: Foul Ball, location: 2F 2-2: Ball 3-2: Strikes out swinging
|
Batting: RHB Travis Robinson
|
0-0: Called Strike 0-1: Swinging Strike 0-2: Ball 1-2: Fly out, F8 (Flyball, 8LM, EV 86.2 MPH)
|
Top of the 3rd over - 0 runs, 0 hits, 0 errors, 0 left on base; Stockton 0 - Fort Myers 0 |
BOTTOM OF THE 3RD |
Fort Myers Miracle batting - Pitching for Stockton Ports : RHP Dan Rohrbach
|
Batting: SHB Manny Molina
|
0-0: Ball 1-0: Called Strike 1-1: Called Strike 1-2: Strikes out swinging
|
Batting: SHB Matt Urbani
|
0-0: Ball 1-0: Foul Ball, location: 2F 1-1: Ball 2-1: Foul Ball, location: 2F 2-2: Foul Ball, location: 2F 2-2: Fly out, F5 (Popup, 25F, EV 80.6 MPH)
|
Batting: LHB Chris Munguia
|
0-0: Ground out U3 (Groundball, 34, EV 84.4 MPH)
|
Bottom of the 3rd over - 0 runs, 0 hits, 0 errors, 0 left on base; Stockton 0 - Fort Myers 0 |
TOP OF THE 4TH |
Stockton Ports batting - Pitching for Fort Myers Miracle : RHP Ruben Requena
|
Batting: RHB Matt Sherard
|
0-0: Ball 1-0: Swinging Strike 1-1: Ball 2-1: Swinging Strike 2-2: Ball 3-2: Strikes out swinging
|
Batting: LHB Tomas Segarra
|
0-0: Called Strike 0-1: Swinging Strike 0-2: Ball 1-2: Foul Ball, location: 2F 1-2: Ball 2-2: Ball 3-2: Base on Balls
|
Batting: RHB Scott Wiggs
|
0-0: Ball 1-0: Ball 2-0: Ball 3-0: Base on Balls Tomas Segarra to second
|
Batting: LHB Alejandro Muniz
|
0-0: Called Strike 0-1: Ball 1-1: Reached on error, E3 (Groundball, 34, EV 86.2 MPH) Tomas Segarra to third Scott Wiggs to second
|
Batting: LHB Ed Talamantes
|
0-0: Swinging Strike 0-1: Ball 1-1: Called Strike 1-2: Foul Ball, location: 2F 1-2: Strikes out looking and he ARGUES THE CALL AND IS TOSSED!
|
Batting: RHB Tetsuya Shinoda
|
0-0: Ball 1-0: Called Strike 1-1: Ball 2-1: Called Strike 2-2: Ball Wild Pitch! Tomas Segarra scores Scott Wiggs to third Alejandro Muniz to second 3-2: Fly out, F7 (Line Drive, 7, EV 84.4 MPH)
|
Top of the 4th over - 1 run, 0 hits, 1 error, 2 left on base; Stockton 1 - Fort Myers 0 |
BOTTOM OF THE 4TH |
Fort Myers Miracle batting - Pitching for Stockton Ports : RHP Dan Rohrbach
|
Now at C: Chris Temple
|
|
Batting: RHB Michael McDonald
|
0-0: Reached on error, E4 (Groundball, 4S, EV 85.0 MPH)
|
Batting: RHB Ryan Gautney
|
0-0: Swinging Strike 0-1: Foul Ball, location: 2F 0-2: Strikes out swinging
|
Batting: RHB Kevin Harris
|
0-0: Ball 1-0: Called Strike 1-1: Called Strike Michael McDonald is caught stealing 3rd base 2-5 1-2: Ball 2-2: SOLO HOME RUN (Flyball, 9D, EV 101.2 MPH), Distance : 379 ft
|
Batting: LHB Tomas Espino
|
0-0: Ball 1-0: Foul Ball, location: 2F 1-1: Ball 2-1: Foul Ball, location: 2F 2-2: TRIPLE (Flyball, 8LXD, EV 102.5 MPH)
|
Batting: RHB Leo Gonzalez
|
0-0: Foul Ball, location: 2F 0-1: Ball 1-1: Called Strike 1-2: Ground out 6-3 (Groundball, 6, EV 101.9 MPH)
|
Bottom of the 4th over - 1 run, 2 hits, 1 error, 1 left on base; Stockton 1 - Fort Myers 1 |
TOP OF THE 5TH |
Stockton Ports batting - Pitching for Fort Myers Miracle : RHP Ruben Requena
|
Batting: LHB Felipe Gomez
|
0-0: Ball 1-0: Ball 2-0: Foul Ball, location: 2F 2-1: Foul Ball, location: 2F 2-2: Ball 3-2: Base on Balls
|
Batting: RHB Manny Moron
|
0-0: Ball Felipe Gomez is caught stealing 2nd base 2-4 1-0: Fly out, F8 (Flyball, 8RXD, EV 90.6 MPH)
|
Batting: RHB Travis Robinson
|
0-0: Called Strike 0-1: Fly out, F8 (Flyball, 8LM, EV 78.8 MPH)
|
Top of the 5th over - 0 runs, 0 hits, 0 errors, 0 left on base; Stockton 1 - Fort Myers 1 |
BOTTOM OF THE 5TH |
Fort Myers Miracle batting - Pitching for Stockton Ports : RHP Dan Rohrbach
|
Batting: RHB Tony Crespo
|
0-0: Called Strike 0-1: Ball 1-1: Swinging Strike 1-2: Strikes out swinging
|
Batting: SHB Manny Molina
|
0-0: Ball 1-0: Ball 2-0: Ball 3-0: Called Strike 3-1: Base on Balls
|
Batting: SHB Matt Urbani
|
0-0: Called Strike Manny Molina is caught stealing 2nd base 2-6 0-1: Foul Ball, location: 2F 0-2: Ground out 5-3 (Groundball, 56, EV 103.1 MPH)
|
Bottom of the 5th over - 0 runs, 0 hits, 0 errors, 0 left on base; Stockton 1 - Fort Myers 1 |
TOP OF THE 6TH |
Stockton Ports batting - Pitching for Fort Myers Miracle : RHP Ruben Requena
|
Batting: RHB Matt Sherard
|
0-0: Called Strike 0-1: Foul Ball, location: 2F 0-2: Foul Ball, location: 2F 0-2: Ball 1-2: Ball 2-2: Ground out 5-3 (Groundball, 56, EV 101.2 MPH)
|
Batting: LHB Tomas Segarra
|
0-0: Ball 1-0: Called Strike 1-1: Foul Ball, location: 2F 1-2: Ball 2-2: Strikes out swinging
|
Batting: RHB Scott Wiggs
|
0-0: Called Strike 0-1: SINGLE (Line Drive, 78S, EV 111.2 MPH)
|
Batting: LHB Alejandro Muniz
|
0-0: Called Strike 0-1: Ball 1-1: Ball 2-1: Ball 3-1: SINGLE (Groundball, 34D, EV 103.8 MPH) Scott Wiggs to second
|
Batting: RHB Chris Temple
|
0-0: Ball 1-0: Ball 2-0: SINGLE (Groundball, 4, EV 98.8 MPH) Scott Wiggs to third Alejandro Muniz to second Runner from 3rd tries for Home, SAFE, throw by RF to home
|
Pitching: RHP Steven Legge
|
|
Batting: RHB Tetsuya Shinoda
|
0-0: Ball 1-0: Foul Ball, location: 2F 1-1: Swinging Strike 1-2: Strikes out swinging
|
Top of the 6th over - 1 run, 3 hits, 0 errors, 2 left on base; Stockton 2 - Fort Myers 1 |
BOTTOM OF THE 6TH |
Fort Myers Miracle batting - Pitching for Stockton Ports : RHP Dan Rohrbach
|
Batting: LHB Chris Munguia
|
0-0: Called Strike 0-1: Foul Ball, location: 2F 0-2: Ball 1-2: Ball 2-2: Strikes out swinging
|
Batting: RHB Michael McDonald
|
0-0: Foul Ball, location: 2F 0-1: Swinging Strike 0-2: Ball 1-2: Foul Ball, location: 2F 1-2: Strikes out swinging
|
Batting: RHB Ryan Gautney
|
0-0: Ball 1-0: Ground out 6-3 (Groundball, 6S, EV 68.8 MPH)
|
Bottom of the 6th over - 0 runs, 0 hits, 0 errors, 0 left on base; Stockton 2 - Fort Myers 1 |
TOP OF THE 7TH |
Stockton Ports batting - Pitching for Fort Myers Miracle : RHP Steven Legge
|
Batting: LHB Felipe Gomez
|
0-0: Foul Ball, location: 2F 0-1: Ground out 5-3 (Groundball, 56, EV 90.0 MPH)
|
Batting: RHB Manny Moron
|
0-0: Called Strike 0-1: Called Strike 0-2: Ball 1-2: Strikes out swinging
|
Batting: RHB Travis Robinson
|
0-0: Ball 1-0: Called Strike 1-1: Ball 2-1: Foul Ball, location: 2F 2-2: Ground out 6-3 (Groundball, 6D, EV 104.4 MPH)
|
Top of the 7th over - 0 runs, 0 hits, 0 errors, 0 left on base; Stockton 2 - Fort Myers 1 |
BOTTOM OF THE 7TH |
Fort Myers Miracle batting - Pitching for Stockton Ports : RHP Dan Rohrbach
|
Batting: RHB Kevin Harris
|
0-0: Called Strike 0-1: Ball 1-1: Swinging Strike 1-2: Ball 2-2: Strikes out swinging
|
Pitching: RHP A.J. Marston
|
|
Batting: LHB Tomas Espino
|
0-0: Ball 1-0: Ball 2-0: Called Strike 2-1: Fly out, F4 (Line Drive, 34, EV 63.8 MPH)
|
Batting: RHB Leo Gonzalez
|
0-0: Ball 1-0: Called Strike 1-1: Ball 2-1: Ball 3-1: Ground out 5-3 (Groundball, 56, EV 104.4 MPH)
|
Bottom of the 7th over - 0 runs, 0 hits, 0 errors, 0 left on base; Stockton 2 - Fort Myers 1 |
TOP OF THE 8TH |
Stockton Ports batting - Pitching for Fort Myers Miracle : RHP Steven Legge
|
Batting: RHB Matt Sherard
|
0-0: Called Strike 0-1: Swinging Strike 0-2: SINGLE (Groundball, 56, EV 100.6 MPH)
|
Batting: LHB Tomas Segarra
|
0-0: Bunt missed! 0-1: Bunt missed! 0-2: Ball 1-2: Fly out, F5 (Popup, 6MS, EV 39.4 MPH)
|
Batting: RHB Scott Wiggs
|
0-0: Called Strike 0-1: Ball 1-1: Ball 2-1: Foul Ball, location: 2F 2-2: Fly out, F2 (Popup, 25F, EV 86.9 MPH)
|
Pitching: RHP Matt Lundy
|
|
Batting: LHB Alejandro Muniz
|
0-0: Ball 1-0: Ball 2-0: Ball 3-0: Base on Balls Matt Sherard to second
|
Batting: RHB Chris Temple
|
0-0: DOUBLE (Line Drive, 78D, EV 106.2 MPH) Matt Sherard scores Alejandro Muniz to third Runner from 3rd tries for Home, SAFE, no throw by LF
|
Batting: RHB Tetsuya Shinoda
|
0-0: Hit by Pitch
|
Batting: LHB Felipe Gomez
|
0-0: Ball 1-0: Ball 2-0: Called Strike 2-1: Swinging Strike 2-2: Strikes out looking
|
Top of the 8th over - 2 runs, 2 hits, 0 errors, 2 left on base; Stockton 4 - Fort Myers 1 |
BOTTOM OF THE 8TH |
Fort Myers Miracle batting - Pitching for Stockton Ports : RHP A.J. Marston
|
Batting: RHB Tony Crespo
|
0-0: Foul Ball, location: 2F 0-1: Swinging Strike 0-2: Strikes out swinging
|
Batting: SHB Manny Molina
|
0-0: Ball 1-0: Ball 2-0: Foul Ball, location: 2F 2-1: Fly out, F8 (Flyball, 8RXD, EV 106.9 MPH)
|
Batting: SHB Matt Urbani
|
0-0: Ball 1-0: Foul Ball, location: 2F 1-1: SOLO HOME RUN (Flyball, 89XD, EV 103.1 MPH), Distance : 434 ft
|
Batting: LHB Chris Munguia
|
0-0: Ball 1-0: Called Strike 1-1: Ball 2-1: Ground out 5-3 (Groundball, 56, EV 86.2 MPH)
|
Bottom of the 8th over - 1 run, 1 hit, 0 errors, 0 left on base; Stockton 4 - Fort Myers 2 |
TOP OF THE 9TH |
Stockton Ports batting - Pitching for Fort Myers Miracle : RHP Matt Lundy
|
Batting: RHB Manny Moron
|
0-0: Called Strike 0-1: Foul Ball, location: 2F 0-2: Strikes out swinging
|
Batting: RHB Travis Robinson
|
0-0: Foul Ball, location: 2F 0-1: Ball 1-1: Ball 2-1: Swinging Strike 2-2: Foul Ball, location: 2F 2-2: Reached on error, E5 (Groundball, 56, EV 91.9 MPH)
|
Batting: RHB Matt Sherard
|
0-0: Ground out 5-3 (Groundball, 56, EV 80.6 MPH)
|
Batting: LHB Tomas Segarra
|
0-0: Ball 1-0: Foul Ball, location: 2F 1-1: SINGLE (Groundball, 6D, EV 96.2 MPH) Travis Robinson to third Runner from 3rd tries for Home, SAFE, throw by LF to home
|
Batting: RHB Scott Wiggs
|
0-0: Ball 1-0: Ball 2-0: DOUBLE (Line Drive, 7LM, EV 108.1 MPH) Tomas Segarra to third
|
Batting: LHB Alejandro Muniz
|
0-0: Called Strike 0-1: Ball 1-1: Ball 2-1: Called Strike 2-2: Ball 3-2: Foul Ball, location: 2F 3-2: Foul Ball, location: 2F 3-2: DOUBLE (Groundball, 3L, EV 108.1 MPH) Tomas Segarra scores Scott Wiggs scores
|
Pitching: RHP Tim Weller
|
|
Batting: RHB Chris Temple
|
0-0: Ball 1-0: Called Strike 1-1: Called Strike 1-2: Strikes out looking
|
Top of the 9th over - 3 runs, 3 hits, 1 error, 1 left on base; Stockton 7 - Fort Myers 2 |
BOTTOM OF THE 9TH |
Fort Myers Miracle batting - Pitching for Stockton Ports : RHP A.J. Marston
|
Batting: RHB Michael McDonald
|
0-0: SINGLE (Line Drive, 78M, EV 96.2 MPH)
|
Batting: RHB Ryan Gautney
|
0-0: Called Strike 0-1: Swinging Strike 0-2: Ball 1-2: SINGLE (Groundball, 4MD, EV 100.6 MPH) Michael McDonald to second
|
Batting: RHB Kevin Harris
|
0-0: Ball 1-0: Ball 2-0: Fielders Choice at 2nd, 1-4 (Groundball, 25, EV 71.9 MPH) Michael McDonald to third
|
Batting: LHB Tomas Espino
|
0-0: Called Strike 0-1: Called Strike 0-2: SINGLE (Groundball, 34D, EV 104.4 MPH) Michael McDonald scores Kevin Harris to second
|
Pitching: RHP Charlie Shook
|
|
Batting: RHB Leo Gonzalez
|
0-0: Ball 1-0: Fly out, F8 (Flyball, 8LD, EV 80.6 MPH)
|
Batting: RHB Tony Crespo
|
0-0: Fielders Choice at 2nd, 6-4 (Groundball, 6, EV 86.2 MPH)
|
Bottom of the 9th over - 1 run, 3 hits, 0 errors, 2 left on base; Stockton 7 - Fort Myers 3 |
|